 Dungeon Crawl Stone Soup version 0.27.0-1-g7a089689b8 (webtiles) character file.

Game seed: 6496794083248827719

50 nicksoapdish the Sneak (level 3, -2/24 HPs)
             Began as an Octopode Brigand on Aug 8, 2021.
             Slain by Natasha (3 damage)
             ... on level 2 of the Dungeon.
             The game lasted 00:03:12 (861 turns).

nicksoapdish the Sneak (Octopode Brigand)            Turns: 861, Time: 00:03:13

Health: -2/24      AC:  1    Str: 10    XL:     3   Next: 79%
Magic:  3/3        EV: 12    Int: 13    God:
Gold:   24         SH:  0    Dex: 14    Spells: 2/2 levels left

rFire    . . .     SeeInvis .   a - +2 dagger
rCold    . . .     Faith    .   (no shield)
rNeg     . . .     Spirit   .   (helmet restricted)
rPois    .         Reflect  .   (no amulet)
rElec    .         Harm     .   (no ring)
rCorr    .         Rampage  .   (no ring)
Will     .....                  (no ring)
Stlth    ++++......             (no ring)
HPRegen  0.08/turn              (no ring)
MPRegen  0.08/turn              (no ring)
                                (no ring)
                                (no ring)

@: slowed, very slow
A: almost no armour, amphibious, 8 rings, camouflage 1, gelatinous body 1,
(nimble swimmer 1), tentacles
a: no special abilities


You were on level 2 of the Dungeon.
You visited 1 branch of the dungeon, and saw 2 of its levels.

You collected 24 gold pieces.

Inventory:

Hand Weapons
 a - a +2 dagger (weapon)
Missiles
 b - 4 poisoned darts (quivered)
 c - 2 curare-tipped darts
Potions
 d - a potion of might {unknown}
 e - a potion of attraction {unknown}


   Skills:
 + Level 2.2 Fighting
 * Level 2.6 Short Blades
 - Level 2.0 Throwing
 + Level 1.0 Dodging
 * Level 6.7 Stealth


You had 2 spell levels left.
You didn't know any spells.
Your spell library contained the following spells:

 Spells                   Type           Power      Damage    Failure   Level
 Animate Skeleton         Necr           0%         N/A       30%         1
 Pain                     Necr           0%         1d4       30%         1
 Vampiric Draining        Necr           0%         2d6       67%         3


Dungeon Overview and Level Annotations

Branches:
Dungeon (2/15)

Altars:

Annotations:
D:2 Natasha, Sigmund, Terence


Innate Abilities, Weirdness & Mutations

You cannot wear most types of armour.
You are amphibious.
You can wear up to eight rings at the same time.
Your skin changes colour to match your surroundings (Stealth+).
Your rubbery body absorbs attacks. (AC +1, EV +1)
((You are camouflaged near water. (Stealth+)))
You have tentacles for arms and can constrict up to eight enemies at once.


Message History

Throw: 7 darts (poison)
Press: ? - help, Q - select action, (/) - cycle Shift-Dir - straight line, f/p - Natasha
Aim: Natasha (lightly wounded, poisoned, 53% to hit)
You throw a poisoned dart.
The poisoned dart closely misses Natasha.
Throw: 6 darts (poison)
Press: ? - help, Q - select action, (/) - cycle Shift-Dir - straight line, f/p - Natasha
Aim: Natasha (lightly wounded, poisoned, 53% to hit)
You throw a poisoned dart. The poisoned dart hits Natasha.
Natasha looks even sicker.
Natasha is lightly wounded.
Throw: 5 darts (poison)
Press: ? - help, Q - select action, (/) - cycle Shift-Dir - straight line, f/p - Natasha
Aim: Natasha (lightly wounded, very poisoned, 53% to hit)
You throw a poisoned dart. The poisoned dart hits Natasha.
Natasha is lightly wounded. 2 worms come into view.
Natasha stares at you and mumbles some strange words.
The magic dart hits you! Natasha casts a spell at you.
You feel yourself slow down.
Natasha wildly gestures.
You feel troubled. Natasha casts a spell at you. The magic dart hits you!
* * * LOW HITPOINT WARNING * * *
Natasha claws you but does no damage.
You hit Natasha but do no damage. You grab Natasha.
Natasha is heavily wounded.
You constrict Natasha, but do no damage.
Natasha looks more healthy.
Natasha misses you.
You barely miss Natasha.
Natasha is severely wounded.
You constrict Natasha. Natasha claws you.
* * * LOW HITPOINT WARNING * * *
Natasha barely misses you.
You hit Natasha but do no damage.
Natasha is severely wounded.
You constrict Natasha. Natasha claws you.
You die...

..#######
##.#.....#
##...w..#.#
........#.#
#w.#.#.#@#
##......#h#
..........#
#.#.##.###
#((..<.#
(..#...###
#.#. # ..
###


You could see Natasha.

Vanquished Creatures
  Natasha (D:2)
  A dart slug (D:2)
  4 endoplasms
  A giant cockroach (D:1)
  2 goblins
  A hobgoblin (D:1)
  A kobold (D:1)
  A quokka (D:1)
  A ball python (D:2)
  3 bats
  2 frilled lizards (D:1)
  6 rats
24 creatures vanquished.

Notes
Turn   | Place    | Note
-------+----------+-------------------------------------------
     0 | D:1      | nicksoapdish the Octopode Brigand began the quest for the
                  | Orb.
     0 | D:1      | Reached XP level 1. HP: 14/14 MP: 1/1
   223 | D:1      | Reached XP level 2. HP: 19/19 MP: 2/2
   509 | D:2      | Noticed Terence
   518 | D:2      | Noticed Natasha
   525 | D:2      | Reached skill level 6 in Stealth
   529 | D:2      | Noticed a crimson imp
   529 | D:2      | Killed Natasha
   530 | D:2      | Reached XP level 3. HP: 11/24 MP: 3/3
   776 | D:2      | Noticed Sigmund
   847 | D:2      | Noticed Natasha
   860 | D:2      | HP: 1/24 [Natasha (4)]
   861 | D:2      | Slain by Natasha

Illustrated notes

Levels and vault maps discovered:
D:1:      matt_arrival_los_fun, layout_basic
D:2:      layout_loops_cross, basic_altar, uniq_terence, uniq_natasha,
          uniq_sigmund

Skill      XL: |  1  2 |
---------------+-------+-----
Stealth        | 6 |  6.7
Fighting       | |  2.2
Short Blades   | |  2.6
Throwing       | |  2.0
Dodging        | |  1.0

Action                   || total
-------------------------++-------
Melee: Dagger            ||    41
       Constrict         ||     6
       Tentacles         ||     4
Throw: Dart              ||     4
 Stab: Sleeping          ||    12
Armor: Skin              ||     4
Dodge: Dodged            ||    22
